Map: Ley Lines

Players

trigger

  • Race: Protoss Protoss
  • League: Grandmaster
  • Spawn Location: 1:00

ByuN - Winner!

  • Race: Terran Terran
  • League: Master
  • Spawn Location: 7:00

VOD

Have the link to the VOD?

Description

Time

  • Played on: May 10, 2025, 8:41 a.m.
  • Length: 10:03
Show
View Real Time Build Order
Export as new Build Order

trigger Protoss 

Build Orders: 1 Gate Expand, Blink Stalkers 

Get SALT Encoding   

  12  0:00  Probe  
  13  0:12  Probe  
  14  0:18  Pylon  
  14  0:24  Probe  
  15  0:32  Probe  
  15  0:36  Gateway  
  15  0:40  Probe  
  16  0:46  Assimilator  
  17  0:51  Probe  
  18  1:03  Probe  
  19  1:15  Probe  
  20  1:25  Cybernetics Core  
  20  1:29  Nexus  
  20  1:37  Pylon  
  20  1:39  Probe  
  21  1:46  Assimilator  
  21  1:50  Stalker  
  21  1:51  Probe  
  22  2:03  Probe  
  25  2:08  Warp Gate  
  25  2:15  Probe  
  26  2:17  Stalker  
  26  2:20  Shield Battery  
  28  2:28  Probe  
  29  2:40  Probe x2  
  31  2:47  Twilight Council  
  31  2:48  Probe x2  
  31  2:56  Probe  
  31  2:57  Probe  
  33  2:59  Gateway  
  35  3:06  Probe, Blink  
  35  3:07  Probe  
  37  3:15  Probe  
  37  3:19  Probe  
  38  3:23  Probe  
  38  3:26  Pylon  
  38  3:31  Probe  
  38  3:33  Probe  
  40  3:38  Robotics Facility  
  41  3:43  Gateway, Probe  
  41  3:46  Probe  
  43  3:50  Gateway  
  43  3:52  Assimilator  
  43  3:56  Stalker  
  43  4:00  Stalker  
  47  4:05  Probe, Pylon  
  48  4:11  Probe  
  49  4:20  Stalker  
  51  4:25  Stalker  
  52  4:32  Warp Prism  
  52  4:34  Probe  
  52  4:35  Probe  
  47  4:39  Stalker  
  50  4:46  Stalker x2  
  50  4:47  Probe  
  50  4:48  Probe  
  56  4:54  Pylon  
  56  5:00  Stalker, Shield Battery  
  57  5:18  Probe  
  58  5:21  Stalker x3  
  58  5:23  Stalker  
  58  5:26  Probe  
  67  5:36  Probe  
  67  5:38  Probe  
  67  5:42  Pylon  
  69  5:57  Nexus  
  69  6:01  Stalker x3  
  75  6:04  Stalker  
  73  6:12  Probe x2, Pylon  
  55  6:28  Probe x2  
  55  6:36  Forge, Probe x2, Charge  
  55  6:38  Gateway  
  55  6:41  Gateway  
  55  6:44  Probe x2  
  53  6:48  Protoss Ground Weapons Level 1  
  55  6:54  Stalker x4  
  55  6:56  Probe  
  64  7:05  Gateway, Probe  
  64  7:07  Gateway  
  64  7:08  Probe x2  
  67  7:22  Probe  
  68  7:26  Sentry x4  
  76  7:30  Probe  
  76  7:31  Shield Battery  
  76  7:32  Probe  
  76  7:34  Probe, Zealot  
  76  7:35  Shield Battery  
  81  7:37  Pylon  
  81  7:44  Shield Battery  
  81  7:46  Pylon  
  81  7:52  Zealot x4  
  81  7:54  Zealot x2  
  87  8:06  Zealot x2  
  89  8:14  Zealot x4  
  89  8:15  Zealot x2  
  91  8:28  Zealot x2  
  73  8:34  Zealot  
  73  8:35  Zealot x3  
  73  8:38  Zealot x2  
  77  8:46  Robotics Facility  
  71  8:49  Zealot x2  
  69  8:57  Zealot x4  
  69  9:00  Zealot x2  
  78  9:11  Stalker x2  
  78  9:13  Pylon  
  81  9:19  Zealot  
  81  9:22  Zealot  
  84  9:30  Nexus  
  82  9:35  Pylon  
  82  9:38  Cybernetics Core  
  82  9:46  Assimilator  
Show
View Real Time Build Order
Export as new Build Order

ByuN Terran - Winner!

Build Orders: Gas First Reaper Expand 

Get SALT Encoding   

  12  0:01  SCV  
  13  0:13  SCV  
  14  0:16  Supply Depot  
  14  0:25  SCV  
  14  0:27  Refinery  
  15  0:38  SCV  
  16  0:45  Barracks  
  16  0:50  SCV  
  17  1:02  Engineering Bay  
  17  1:05  SCV  
  18  1:18  SCV  
  19  1:32  Reaper, Orbital Command  
  20  1:49  Command Center  
  20  1:57  SCV  
  21  2:03  Factory  
  21  2:07  Barracks Reactor  
  21  2:10  SCV  
  21  2:15  Supply Depot  
  22  2:20  Refinery  
  22  2:22  SCV  
  23  2:37  SCV  
  24  2:43  Marine x2  
  26  2:48  Hellion  
  26  2:49  Starport  
  26  2:50  SCV  
  29  3:01  Orbital Command  
  29  3:02  SCV  
  29  3:04  Marine  
  29  3:05  Marine  
  32  3:13  Hellion  
  32  3:15  SCV  
  35  3:21  Orbital Command  
  35  3:24  Marine x2  
  35  3:25  Medivac  
  39  3:31  SCV  
  40  3:34  Hellion  
  40  3:37  Supply Depot  
  42  3:43  SCV  
  42  3:46  Marine x2  
  45  3:50  SCV  
  46  3:55  Factory Tech Lab  
  46  3:57  Starport Tech Lab  
  46  3:58  SCV  
  46  4:01  Supply Depot  
  46  4:02  SCV  
  48  4:05  Marine x2  
  50  4:10  SCV  
  50  4:12  Barracks  
  50  4:14  SCV  
  52  4:19  Raven  
  52  4:22  Siege Tank  
  57  4:25  SCV  
  57  4:26  SCV  
  57  4:31  Marine x2  
  60  4:37  SCV  
  57  4:38  SCV  
  57  4:49  SCV, Refinery, Bunker  
  57  4:50  SCV  
  59  4:53  Raven  
  59  4:58  Barracks  
  61  5:01  Supply Depot, SCV  
  61  5:02  Siege Tank, SCV  
  66  5:07  Marine x2  
  66  5:13  SCV  
  67  5:14  SCV  
  66  5:24  Marine  
  66  5:26  SCV  
  66  5:27  SCV  
  69  5:30  Marine x2  
  69  5:34  Siege Tank  
  71  5:37  Starport Reactor  
  71  5:39  Engineering Bay, Refinery  
  71  5:40  Supply Depot  
  71  5:44  SCV x2  
  71  5:47  Marine  
  71  5:49  Marine  
  73  5:58  Bunker  
  73  5:59  Marine  
  73  6:00  Stimpack, Marine  
  75  6:04  Marine  
  75  6:05  Terran Infantry Weapons Level 1  
  75  6:06  Supply Depot  
  75  6:07  Marauder  
  78  6:11  SCV x2  
  78  6:13  Siege Tank  
  82  6:23  SCV x2  
  78  6:27  Marine  
  78  6:29  Marine  
  78  6:32  Marauder  
  81  6:34  Marine  
  80  6:47  Medivac x2  
  80  6:49  Marine x2  
  80  6:51  Missile Turret  
  86  6:57  Command Center  
  86  7:03  Marauder x2  
  86  7:05  Combat Shield  
  90  7:10  Marine x2  
  92  7:16  Factory Reactor  
  92  7:18  SCV x2  
  92  7:21  Medivac  
  94  7:33  Medivac, Marine x2  
  94  7:34  Supply Depot  
  94  7:35  SCV x2  
  100  7:37  Barracks  
  100  7:39  Barracks  
  100  7:40  Marauder, Concussive Shells  
  102  7:47  Marauder  
  102  7:50  SCV x2  
  106  7:51  Marine x2  
  108  8:01  Marauder  
  105  8:08  Marauder, Widow Mine x2  
  105  8:09  Marine x2  
  113  8:18  SCV x2  
  112  8:22  Marauder  
  112  8:27  Marine x2  
  112  8:30  Marauder, SCV x2  
  112  8:33  Barracks Tech Lab  
  111  8:34  Barracks Reactor  
  110  8:42  SCV  
  110  8:44  Marauder  
  110  8:48  Medivac x2  
  115  8:54  Marauder x2  
  121  8:57  Marine x2  
  121  9:00  Widow Mine x2  
  124  9:03  SCV x2  
  124  9:05  Marauder  
  125  9:15  Marauder, Marine x2  
  125  9:18  Medivac x2  
  125  9:19  Marauder, Marine x2  
  133  9:27  Widow Mine  
  133  9:30  Orbital Command  
  130  9:31  SCV, Marauder  
  130  9:35  SCV  
  134  9:39  Armory  
  134  9:40  Engineering Bay  
  134  9:43  Supply Depot  
  134  9:45  Supply Depot  
  134  9:47  SCV  
Tags
 
Add a new tag
Caveats
  • Supply blocks, unpowered buildings, or Contaminate may cause inaccurate times.
  • Supply counts are checked every 10 seconds.